 Dungeon Crawl Stone Soup version 0.29.1-15-g9cfb28693d (webtiles) character file.

Game seed: 9327375311390426627

22415 kingofthe the Thaumaturge (level 12, -3/59 HPs)
             Began as a Deep Elf Conjurer on Mar 8, 2023.
             Was a Priest of Sif Muna.
             Killed from afar by a deep troll earth mage (37 damage)
             ... with a blast of rock fragments
             ... on level 11 of the Dungeon.
             The game lasted 01:10:13 (19184 turns).

kingofthe the Thaumaturge (Deep Elf Conjurer)      Turns: 19184, Time: 01:10:14

Health: -3/59      AC: 12    Str:  6    XL:     12   Next: 62%
Magic:  3/29       EV: 33    Int: 30    God:    Sif Muna [***...]
Gold:   864        SH:  0    Dex: 21    Spells: 5/34 levels left

rFire   . . .      SeeInvis .   a - +3 falchion of the Land of Plenty {venom, Int+5}
rCold   . . .      Faith    .   (no shield)
rNeg    + . .      Spirit   .   I - +2 troll leather armour
rPois   .          Reflect  .   d - +0 helmet
rElec   +          Harm     .   M - +0 cloak "Piffad" {rElec rN+}
rCorr   .          Rampage  .   (no gloves)
Will    +....                   (no boots)
Stlth   ++++......              x - amulet of the acrobat
HPRegen 0.99/turn               T - +4 ring of protection
MPRegen 0.21/turn               D - +6 ring of dexterity

@: acrobatic, very slightly contaminated
A: no striking features
a: Renounce Religion, Channel Magic, Forget Spell


You were on level 11 of the Dungeon.
You worshipped Sif Muna.
Sif Muna was most pleased with you.
You visited 3 branches of the dungeon, and saw 16 of its levels.

You collected 864 gold pieces.


   Skills:
 + Level 10.3 Dodging
 + Level 9.5 Stealth
 + Level 11.8 Spellcasting
 + Level 11.1 Conjurations
 + Level 11.6 Hexes
 - Level 5.0 Translocations
 * Level 2.8 Fire Magic
 + Level 5.6 Ice Magic
 - Level 7.0 Invocations


You had 5 spell levels left.
You knew the following spells:

 Your Spells              Type           Power      Damage    Failure   Level
a - Magic Dart            Conj           100%       1d8       1%          1
b - Searing Ray           Conj           100%       2d8       1%          2
c - Slow                  Hex            100%       N/A       1%          1
d - Fulminant Prism       Conj/Hex       36%        3d18      1%          4
e - Iskenderun's Mystic   Conj/Tloc      60%        2d13      1%          4
f - Fireball              Conj/Fire      28%        3d12      7%          5
g - Hailstorm             Conj/Ice       62%        3d13      1%          4
t - Tukima's Dance        Hex            72%        N/A       1%          3
z - Iskenderun's Battles  Conj           71%        2d12      1%          5

Your spell library contained the following spells:

 Spells                   Type           Power      Damage    Failure   Level
 Apportation              Tloc           94%        N/A       1%          1
 Confusing Touch          Hex            72%        N/A       1%          3
 Dazzling Flash           Conj/Hex       100%       N/A       1%          3
 Portal Projectile        Hex/Tloc       100%       N/A       1%          3
 Summon Guardian Golem    Hex/Summ       51%        N/A       1%          3
 Necrotise                Necr           68%        1d7       4%          1
 Summon Small Mammal      Summ           68%        N/A       4%          1
 Call Canine Familiar     Summ           17%        N/A       14%         3
 Vampiric Draining        Necr           17%        2d7       14%         3
 Ice Form                 Ice/Tmut       34%        N/A       14%         4
 Blade Hands              Tmut           8%         N/A       77%         5
 Orb of Destruction       Conj           35%        9d10      36%         7
 Conjure Ball Lightning   Conj/Air       25%        3x3d7     56%         6
 Simulacrum               Ice/Necr       17%        N/A       91%         6

Inventory:

Hand Weapons
 a - the +3 falchion of the Land of Plenty (weapon) {venom, Int+5}
   (You took it off a wight on level 9 of the Dungeon)

   It poisons the flesh of those it strikes.
   Int:       It affects your intelligence (+5).
 s - a +2 war axe of freezing
 z - a +2 sling of flaming
 H - a +5 short sword
 V - the +11 quarterstaff of Fuetsutu {protect, *Noise rElec rN+ Int+4}
   (You found it on level 2 of the Lair of Beasts)

   It grants its wielder temporary protection when it strikes (+7 to AC).
   Int:       It affects your intelligence (+4).
   rElec:     It insulates you from electricity.
   rN:        It protects you from negative energy.
   *Noise:    It may make noises in combat.
Armour
 d - a +0 helmet (worn)
 i - a +1 cloak of poison resistance
 I - a +2 troll leather armour (worn)
 M - the +0 cloak "Piffad" (worn) {rElec rN+}
   (You found it on level 10 of the Dungeon)

   rElec:     It insulates you from electricity.
   rN:        It protects you from negative energy.
 R - +0 acid dragon scales
Magical Staves
 b - a staff of fire {!a}
Jewellery
 x - an amulet of the acrobat (around neck)
 C - an amulet of reflection
 D - a +6 ring of dexterity (right hand)
 F - a ring of fire
 N - a ring of positive energy
 S - an amulet of regeneration
 T - a +4 ring of protection (left hand)
 Z - a ring of wizardry
Wands
 l - a wand of flame (41)
 m - a wand of roots (23)
 L - a wand of mindburst (4)
Scrolls
 e - 6 scrolls of teleportation {@r2}
 f - a scroll of magic mapping {unknown}
 g - a scroll of silence {unknown}
 j - 3 scrolls of poison
 v - 6 scrolls of butterflies
 y - 2 scrolls of fear {unknown}
 A - 2 scrolls of vulnerability {unknown}
 E - a scroll of brand weapon {unknown}
 P - a scroll of blinking
 W - 2 scrolls of torment {unknown}
Potions
 c - 7 potions of curing {@q1}
 h - 3 potions of magic
 k - 3 potions of heal wounds {@q2}
 o - a potion of brilliance
 r - 2 potions of flight
 w - a potion of resistance
 O - a potion of cancellation
 U - a potion of haste {@q3}
Miscellaneous
 G - a condenser vane
 J - a piece from Xom's chessboard (15/15)

Dungeon Overview and Level Annotations

Branches:
Dungeon (11/15)            Temple (1/1) D:7            Lair (4/5) D:8
  Swamp (0/4) Lair:3       Spider (0/4) Lair:3
  Slime: Lair:4-5       Orc: D:9-12

Altars:
Ashenzari
Cheibriados
Dithmenos
Elyvilon
Fedhas
Gozag
Hepliaklqana
Kikubaaqudgha
Makhleb
Nemelex Xobeh
Okawaru
Qazlal
Ru
Sif Muna
Trog
Uskayaw
Vehumet
Wu Jian
Xom
Yredelemnul
Zin
The Shining One

Annotations:
Lair:4 Sonja

.#####.#..####.####.#
#O##.# #.####.# ..
#.# #...##.# ### #T#
###.##.# #.# #.##.#
#<# #.##.# #J# #.##.#
#.######.##.#
#.@.........#
########.#### #.# #.#
..# ###


You could see a large slime creature (slow) and a deep troll earth mage.


Message History

Confirm with . or Enter, or press ? or * to list all spells.
Aiming: Searing Ray (safe; 1% risk of failure)
Press: ? - help, Shift-Dir - straight line, f/p - large slime creature
Aim: a large slime creature (moderately wounded, slow, 96% to hit)
The searing ray hits the large slime creature!
The large slime creature is moderately wounded. (Press . to maintain the ray.)
Your battlesphere fires!
The barrage of energy hits the large slime creature!
The large slime creature is heavily wounded.
The deep troll earth mage points next to you and mumbles some strange words.
The wall shatters!
The blast of rock fragments hits your battlesphere!!
The blast of rock fragments hits you!!
The searing ray hits the large slime creature.
The large slime creature is heavily wounded.
Your battlesphere fires!
The barrage of energy hits the large slime creature!!
The large slime creature is severely wounded.
The searing ray hits the large slime creature!
The large slime creature is severely wounded.
Your battlesphere fires!
The barrage of energy hits the large slime creature.
The large slime creature is severely wounded.
The large slime creature hits your battlesphere!!!
Your battlesphere is destroyed!
The deep troll earth mage casts a spell next to you.
The wall shatters!
The blast of rock fragments hits you!!!
Ouch! That really hurt!
You die...

Skill      XL: |  1  2  3  4  5  6  7  8  9 10 11 12 |
---------------+-------------------------------------+-----
Dodging        | 3 5 7 8 9 10 | 10.3
Spellcasting   | 4 5 6 7 8 10 11 | 11.8
Stealth        | 3 4 5 7 8 9 |  9.5
Conjurations   | 5 6 8 9 10 11 | 11.1
Hexes          | 3 5 7 8 10 11 | 11.6
Invocations    | 5 7 |  7.0
Ice Magic      | 3 5 |  5.6
Translocations | 3 5 |  5.0
Fire Magic     | 2 |  2.8

Action                   |  1- 3 |  4- 6 |  7- 9 | 10-12 || total
-------------------------+-------+-------+-------+-------++-------
Melee: Falchion          |       |       |       |     3 ||     3
 Cast: Magic Dart        |    59 |    71 |    72 |    82 ||   284
       Searing Ray       |    15 |    22 |    35 |    66 ||   138
       Fulminant Prism   |       |       |    31 |    94 ||   125
       Tukima's Dance    |       |       |       |     2 ||     2
       Hailstorm         |       |       |       |     7 ||     7
       Iskenderun's Myst |       |       |       |     3 ||     3
       Iskenderun's Batt |       |       |       |    23 ||    23
       Slow              |       |       |       |     6 ||     6
       Fireball          |       |       |       |     3 ||     3
Invok: Channel Magic     |       |       |       |     3 ||     3
Evoke: Wand              |       |       |     1 |       ||     1
  Use: Scroll            |       |       |       |    22 ||    22
       Potion            |       |       |       |     2 ||     2
 Stab: Sleeping          |       |       |       |     1 ||     1
Armor: Robe              |       |     5 |     7 |     1 ||    13
       Troll leather arm |       |       |       |    13 ||    13
Dodge: Dodged            |     6 |    22 |    25 |   111 ||   164

Levels and vault maps discovered:
D:1:      dpeg_arrival_court, layout_loops_ring,
          chequers_ecumenical_altar_grove, nicolae_figureground_pulse
D:2:      layout_rooms, grunt_decor_clamped, uniq_crazy_yiuf_cottage
D:3:      layout_rooms, nicolae_ru_awakened_eye, cheibrodos_ashenzari_chains,
          uniq_ijyb
D:4:      layout_basic, lightli_temple_of_fire, serial_co_window_serial,
          co_window_corner_a, co_window_of_opportunity_a, co_window_paths_a,
          co_window_paths_a, co_window_of_opportunity_a, co_window_paths_a,
          co_window_corner_a, co_window_paths_b, co_window_corner_a,
          co_window_paths_c, co_window_broadway_b, co_window_corner_b,
          co_window_paths_d, glass_columns_b, chequers_mini_garden
D:5:      layout_loops_ring
D:6:      layout_layer_cave, amcnicky_altar_gilded, nrook_mini_vaults
D:7:      layout_basic, chequers_temple_overflow_statue_of_worship, temple_hall
D:8:      layout_loops_ring, nicolae_overflow_crystal_walls, lair_entry_dummy,
          uniq_erica, uniq_maurice
D:9:      layout_layer_cave, lemuel_crystal_altar
D:10:     hellmonk_ruined_rings, layout_loops_corners,
          kennysheep_okawaru_gauntlet
D:11:     nzn_winding_woodlands_small [nzn_winding_woodlands_5x15_eye,
          nzn_winding_woodlands_center_pierced_h,
          nzn_winding_woodlands_5x15_default], layout_loops_ring, serial_shops,
          nicolae_lakefront_shop, minivault_7
Temple:   nicolae_temple_ecumenical_triangle
Lair:1:   layout_cave_pods, serial_bayou_shore_b
Lair:2:   layout_gridlike
Lair:3:   layout_roguey, swamp_mist, spider_nest_entry_webs, lemuel_fruit_tree
Lair:4:   layout_regular_city, nicolae_lair_time_for_slime, uniq_josephine,
          uniq_sonja, uniq_nessos

Notes
Turn   | Place    | Note
-------+----------+-------------------------------------------
     0 | D:1      | kingofthe the Deep Elf Conjurer began the quest for the
                  | Orb.
     0 | D:1      | Reached XP level 1. HP: 10/10 MP: 6/6
   311 | D:1      | Reached XP level 2. HP: 7/15 MP: 2/8
   314 | D:1      | Learned a level 2 spell: Searing Ray
   625 | D:1      | Found a faded altar of an unknown god.
  1295 | D:2      | Reached skill level 3 in Dodging
  1295 | D:2      | Reached XP level 3. HP: 19/19 MP: 0/10
  1709 | D:2      | Reached skill level 4 in Spellcasting
  1759 | D:2      | Reached skill level 3 in Stealth
  1864 | D:2      | Reached XP level 4. HP: 16/24 MP: 6/12
  2138 | D:2      | Found a runed translucent door.
  2139 | D:2      | Noticed Crazy Yiuf
  2184 | D:2      | Reached skill level 5 in Conjurations
  2528 | D:3      | Noticed Ijyb
  2536 | D:3      | Killed Ijyb
  2706 | D:3      | Reached skill level 5 in Spellcasting
  2706 | D:3      | Reached XP level 5. HP: 27/28 MP: 8/14
  2721 | D:3      | Learned a level 4 spell: Fulminant Prism
  2781 | D:3      | Found a sacrificial altar of Ru.
  2836 | D:3      | Found a broken altar of Ashenzari.
  3100 | D:3      | Reached skill level 1 in Hexes
  3466 | D:4      | Reached skill level 2 in Hexes
  3652 | D:4      | Noticed a centaur
  3657 | D:4      | Killed a centaur
  3658 | D:4      | Reached skill level 3 in Hexes
  3658 | D:4      | Reached XP level 6. HP: 29/32 MP: 9/16
  4096 | D:4      | Reached skill level 6 in Conjurations
  4096 | D:4      | Reached skill level 4 in Hexes
  4204 | D:4      | Reached skill level 6 in Spellcasting
  4417 | D:4      | Reached skill level 5 in Hexes
  4417 | D:4      | Reached XP level 7. HP: 22/36 MP: 9/18
  4788 | D:4      | Reached skill level 6 in Hexes
  5147 | D:4      | Found a bloodstained altar of Trog.
  5186 | D:5      | Entered Level 5 of the Dungeon
  5555 | D:5      | Reached skill level 7 in Spellcasting
  5759 | D:5      | Reached skill level 7 in Hexes
  5759 | D:5      | Reached XP level 8. HP: 41/41 MP: 12/20
  6142 | D:6      | Reached skill level 7 in Conjurations
  6310 | D:6      | Reached skill level 4 in Dodging
  6857 | D:6      | Found a glowing golden altar of the Shining One.
  7348 | D:7      | Found an ornate altar of the Wu Jian Council.
  7348 | D:7      | Found a shimmering blue altar of Sif Muna.
  7348 | D:7      | Found a stormy altar of Qazlal.
  7426 | D:7      | Became a worshipper of Sif Muna the Loreminder
  7570 | D:7      | Reached skill level 8 in Spellcasting
  7639 | D:7      | Reached skill level 5 in Dodging
  7741 | D:7      | Reached skill level 4 in Stealth
  7957 | D:7      | Found a staircase to the Ecumenical Temple.
  8007 | Temple   | Entered the Ecumenical Temple
  8323 | D:8      | Noticed Erica
  8364 | D:8      | Reached skill level 8 in Conjurations
  8364 | D:8      | Reached XP level 9. HP: 34/45 MP: 11/23
  8526 | D:8      | Reached skill level 8 in Hexes
  8745 | D:8      | Found a hide-covered altar of Uskayaw.
  8761 | D:8      | Noticed a two-headed ogre
  8970 | D:8      | Killed Erica
  8971 | D:8      | Reached skill level 6 in Dodging
  8971 | D:8      | Reached skill level 5 in Stealth
  8971 | D:8      | Reached skill level 9 in Spellcasting
  9251 | D:8      | Found a staircase to the Lair.
  9380 | D:8      | Killed a two-headed ogre
  9381 | D:8      | Reached skill level 7 in Dodging
  9381 | D:8      | Reached skill level 9 in Conjurations
  9733 | D:9      | Reached skill level 10 in Spellcasting
  9872 | D:9      | Reached * piety under Sif Muna
  9988 | D:9      | Reached XP level 10. HP: 50/50 MP: 17/26
 10083 | D:9      | Reached skill level 1 in Invocations
 10369 | D:9      | Reached skill level 6 in Stealth
 10468 | D:9      | Identified the +3 falchion of the Land of Plenty {venom,
                  | Int+5} (You took it off a wight on level 9 of the Dungeon)
 10479 | D:9      | Learned a level 3 spell: Tukima's Dance
 10484 | D:9      | Learned a level 4 spell: Hailstorm
 10588 | D:9      | Reached skill level 9 in Hexes
 10588 | D:9      | Reached skill level 2 in Invocations
 10808 | D:9      | Reached skill level 3 in Invocations
 10922 | D:9      | Found an ancient bone altar of Kikubaaqudgha.
 10975 | D:9      | Reached skill level 8 in Dodging
 11392 | D:10     | Entered Level 10 of the Dungeon
 11543 | D:10     | Identified the +0 cloak "Piffad" {rElec rN+}
 11719 | D:10     | Reached skill level 4 in Invocations
 11725 | D:10     | Reached skill level 7 in Stealth
 12129 | D:10     | Reached skill level 11 in Spellcasting
 12242 | D:10     | Found an iron altar of Okawaru.
 12348 | D:10     | Noticed a two-headed ogre
 12363 | D:10     | Killed a two-headed ogre
 12364 | D:10     | Reached skill level 5 in Invocations
 12929 | D:11     | Learned a level 4 spell: Iskenderun's Mystic Blast
 12943 | D:11     | Noticed a seven-headed hydra
 12959 | D:11     | Killed a seven-headed hydra
 12960 | D:11     | Reached skill level 10 in Conjurations
 12960 | D:11     | Reached skill level 10 in Hexes
 12960 | D:11     | Reached XP level 11. HP: 54/54 MP: 10/28
 12962 | D:11     | Noticed a two-headed ogre
 12978 | D:11     | Killed a two-headed ogre
 13163 | D:11     | Noticed a red ugly thing
 13174 | D:11     | Killed a red ugly thing
 13176 | D:11     | Noticed a green ugly thing
 13186 | D:11     | Killed a green ugly thing
 13187 | D:11     | Reached skill level 6 in Invocations
 13267 | D:11     | Reached skill level 9 in Dodging
 13328 | D:11     | Noticed a two-headed ogre
 13540 | D:11     | Reached skill level 8 in Stealth
 13651 | D:11     | Reached skill level 1 in Ice Magic
 13676 | D:11     | Noticed a vampire knight
 13789 | Lair:1   | Entered Level 1 of the Lair of Beasts
 13961 | Lair:1   | Reached ** piety under Sif Muna
 14195 | Lair:1   | Reached skill level 1 in Translocations
 14244 | Lair:1   | Reached skill level 2 in Ice Magic
 14728 | Lair:1   | Reached skill level 2 in Translocations
 14735 | Lair:1   | Reached skill level 7 in Invocations
 15196 | Lair:2   | Identified the +11 quarterstaff of Fuetsutu {protect,
                  | *Noise rElec rN+ Int+4}
 15236 | Lair:2   | Reached skill level 3 in Ice Magic
 15612 | Lair:2   | Reached skill level 3 in Translocations
 15788 | Lair:1   | Identified a potion of resistance
 15931 | Lair:2   | Reached XP level 12. HP: 59/59 MP: 8/29
 16432 | Lair:2   | Reached skill level 11 in Hexes
 16432 | Lair:2   | Reached skill level 4 in Ice Magic
 17006 | Lair:3   | Learned a level 1 spell: Slow
 17117 | Lair:2   | Learned a level 5 spell: Iskenderun's Battlesphere
 17211 | Lair:3   | Found a staircase to the Swamp.
 17223 | Lair:3   | Reached skill level 4 in Translocations
 17243 | Lair:3   | Reached skill level 9 in Stealth
 17260 | Lair:3   | Found a hole to the Spider Nest.
 17561 | Lair:3   | Reached skill level 5 in Ice Magic
 18035 | Lair:3   | Reached skill level 10 in Dodging
 18105 | Lair:3   | Learned a level 5 spell: Fireball
 18107 | Lair:4   | Noticed Sonja
 18164 | Lair:4   | Reached skill level 5 in Translocations
 18418 | Lair:4   | Reached skill level 1 in Fire Magic
 18435 | Lair:4   | Reached skill level 11 in Conjurations
 18460 | Lair:4   | Reached skill level 2 in Fire Magic
 18633 | Lair:4   | Noticed Nessos
 18650 | Lair:4   | Killed Nessos
 18656 | Lair:4   | Reached *** piety under Sif Muna
 18950 | D:2      | Killed Crazy Yiuf
 19180 | D:11     | Noticed a deep troll earth mage
 19184 | D:11     | Killed from afar by a deep troll earth mage

Vanquished Creatures
  Nessos (Lair:4)
  A hydra (D:11)
  Erica (D:8)
  3 two-headed ogres
  2 ugly things (D:11)
  7 elephants
  2 black mambas
  A gargoyle (D:11)
  7 cane toads
  A rime drake (Lair:3)
  A kobold demonologist (D:11)
  3 komodo dragons (Lair:3)
  2 trolls
  A polar bear (Lair:1)
  5 blink frogs (Lair:4)
  5 wraiths
  2 shadows
  2 wyverns
  2 redbacks (Lair:3)
  9 yaks
  2 steam dragons
  2 basilisks
  6 water moccasins
  4 acid dragons
  A sky beast (D:4)
  3 orc warriors
  2 black bears
  An ice beast (D:6)
  An ogre (D:8)
  16 wolves
  4 centaurs
  A phantom (D:4)
  A kobold brigand (D:9)
  18 bullfrogs
  2 necrophages
  A gnoll sergeant (D:11)
  4 scorpions
  7 wights
  9 orc priests
  A jelly (D:7)
  Crazy Yiuf (D:2)
  2 hounds
  Ijyb (D:3)
  5 iguanas
  4 orc wizards
  3 gnolls (D:11)
  8 adders
  A shadow imp (D:5)
  4 white imps
  5 worms
  3 dart slugs
  21 orcs
  7 endoplasms
  A giant cockroach (D:4)
  8 goblins
  8 hobgoblins
  2 jackals (D:3)
  8 kobolds
  7 quokkas
  5 ball pythons
  3 bats
  4 frilled lizards
  4 rats
259 creatures vanquished.

Vanquished Creatures (collateral kills)
  An orc priest (D:9)
1 creature vanquished.

Vanquished Creatures (others)
  An adder (D:6)
  124 fulminant prisms
  18 fungi
  27 plants
170 creatures vanquished.

Grand Total: 430 creatures vanquished

Table legend: (Time is in decaauts)
 A = Elapsed time spent in this place.
 B = Non-inter-level travel time spent in this place.
 C = Inter-level travel time spent in this place.
 D = Time resting spent in this place.
 E = Time spent auto-exploring this place.
 F = Levels seen in this place.
 G = Mean time per level.
                   A        B        C        D        E       F      G
               +--------+--------+--------+--------+--------+-----+--------+
         Total |  19201 |  17848 |   1353 |   1508 |  13988 |  16 | 1200.1 |
       Dungeon |  14205 |  13134 |   1071 |   1096 |  10433 |  11 | 1291.4 |
        Temple |     27 |     26 |      1 |      0 |     18 |   1 |   27.0 |
          Lair |   4968 |   4687 |    281 |    412 |   3537 |   4 | 1242.0 |
               +--------+--------+--------+--------+--------+-----+--------+

Top non-repeatable levels by time:
     D:4: 1959 daAuts
     D:9: 1797 daAuts
  Lair:2: 1719 daAuts
  Lair:1: 1604 daAuts
    D:10: 1578 daAuts
     D:1: 1363 daAuts
     D:8: 1349 daAuts
     D:6: 1230 daAuts
  Lair:3: 1168 daAuts
     D:7: 1139 daAuts
     D:2: 1089 daAuts
     D:5: 1022 daAuts
     D:3: 927 daAuts
    D:11: 747 daAuts
  Lair:4: 475 daAuts

Table legend:
 A = Non-vault XP
 B = Vault XP
 C = Vault XP percentage of total XP
 D = Non-vault monster count
 E = Vault monster count
 F = Vault count percentage of total count
                 A         B        C        D         E       F
            +---------+---------+-------+---------+---------+-------
      Total |   27433 |    4589 |  14.3 |     245 |      15 |   5.8
            +---------+---------+-------+---------+---------+-------
        D:1 |      30 |       0 |   0.0 |      17 |       0 |   0.0
        D:2 |      79 |      42 |  34.7 |      22 |       1 |   4.3
        D:3 |      99 |      36 |  26.7 |      19 |       1 |   5.0
        D:4 |     876 |       0 |   0.0 |      28 |       0 |   0.0
        D:5 |     354 |       0 |   0.0 |       8 |       0 |   0.0
        D:6 |     536 |       0 |   0.0 |       8 |       0 |   0.0
        D:7 |     710 |       0 |   0.0 |      13 |       0 |   0.0
        D:8 |    1352 |     842 |  38.4 |      10 |       1 |   9.1
        D:9 |    2948 |       0 |   0.0 |      31 |       0 |   0.0
       D:10 |    2914 |     218 |   7.0 |      15 |       3 |  16.7
       D:11 |    2741 |    1845 |  40.2 |       9 |       5 |  35.7
     Lair:1 |    3318 |       0 |   0.0 |      14 |       0 |   0.0
     Lair:2 |    3676 |       0 |   0.0 |      12 |       0 |   0.0
     Lair:3 |    4501 |     366 |   7.5 |      20 |       2 |   9.1
     Lair:4 |    3299 |    1240 |  27.3 |      19 |       2 |   9.5
            +---------+---------+-------+---------+---------+-------
